 Dungeon Crawl Stone Soup version 0.32-a0-872-g59262bdc9b (webtiles) character file.

Game seed: 1183427939523453227

16 PimpSugar the Magician (level 2, 0/20 HPs)
             Began as a Demonspawn Hedge Wizard on Mar 31, 2024.
             Slain by a quokka (2 damage)
             ... on level 1 of the Dungeon.
             The game lasted 00:01:13 (188 turns).

PimpSugar the Magician (Demonspawn Hedge Wizard)     Turns: 188, Time: 00:01:14

Health: 0/20       AC:  2    Str:  9 (10) XL:     2   Next: 37%
Magic:  4/6        EV: 11    Int: 13 (14) God:
Gold:   29         SH:  0    Dex: 11 (12) Spells: 6/7 levels left

rFire   . . .        e - staff of cold
rCold   + . .        (no shield)
rNeg    . . .        b - +0 robe
rPois   .            c - +0 hat
rElec   .            (no cloak)
rCorr   .            (no gloves)
SInv    .            (no boots)
Will    .....        (no amulet)
Stlth   ++           (no ring)
HPRegen 0.23/turn    (no ring)
MPRegen 0.10/turn

%: no passive effects
@: no status effects
A: demonic touch 1
a: no special abilities


You were on level 1 of the Dungeon.
You visited 1 branch of the dungeon, and saw 1 of its levels.

You collected 29 gold pieces.

Inventory:

Hand Weapons
 a - a +0 dagger
 f - a +0 short sword
Missiles
 g - 7 stones
Armour
 b - a +0 robe (worn)
 c - a +0 hat (worn)
Magical Staves
 e - a staff of cold (weapon)
Scrolls
 i - a scroll of teleportation {unknown}
Potions
 d - a potion of magic


   Skills:
 + Level 0.3 Fighting
 + Level 0.2 Staves
 + Level 1.8 Dodging
 + Level 2.0 Stealth
 * Level 3.1 Spellcasting
 * Level 1.4 Conjurations
 + Level 1.1 Summonings
 + Level 1.0 Translocations
 + Level 0.0 Ice Magic
 + Level 0.0 Evocations


You had 6 spell levels left.
You knew the following spells:

 Your Spells              Type           Power      Damage    Failure   Level
a - Magic Dart            Conj           20%        1d4       13%         1

Your spell library contained the following spells:

 Spells                   Type           Power      Damage    Failure   Level
 Slow                     Hex            8%         N/A       22%         1
 Blink                    Tloc           8%         N/A       22%         2
 Call Imp                 Summ           8%         N/A       22%         2
 Cigotuvi's Dreadful Rot  Necr/Alch/Air  4%         N/A       34%         2
 Mephitic Cloud           Conj/Alch/Air  3%         N/A       50%         3


Dungeon Overview and Level Annotations

Branches:
Dungeon (1/15)

Altars:


Innate Abilities, Weirdness & Mutations

Your touch may inflict minor irresistible damage on your foes.


Message History

The dart slug bites the withered plant.
You hit the quokka but do no damage. The quokka bites you.
The dart slug bites the withered plant.
The withered plant begins to crumble.
The withered plant begins to die.
The quokka bites you but does no damage.
You hit the quokka.
The quokka is moderately wounded.
The withered plant crumbles away. x2; The quokka barely misses you.
The dart slug bites the withered plant.
You hit the quokka. Your touch misses the quokka.
The quokka is almost dead.
The quokka bites you.
The dart slug bites the withered plant.
You miss the quokka. Your touch misses the quokka.
The quokka is almost dead.
The quokka barely misses you. The hobgoblin hits you. The quokka bites you.
* * * LOW HITPOINT WARNING * * *
Casting: Magic Dart (safe; 12% risk of failure)
Confirm with . or Enter, or press ? or * to list all spells.
Aiming: Magic Dart (safe; 12% risk of failure)
Press: ? - help, Shift-Dir - straight line, f - quokka
Aim: a quokka (almost dead, 100% to hit)
The magic dart hits the quokka but does no damage.
The quokka is almost dead.
The withered plant crumbles away.
The hobgoblin barely misses you. The quokka misses you. The hobgoblin hits you.
* * * LOW HITPOINT WARNING * * *
The dart slug bites the withered plant.
The withered plant begins to crumble.
The withered plant begins to die.
You see here a ball python corpse.
It was a potion of degeneration.
There was something very wrong with that liquid.
You feel weakened.
You feel dopey.
You feel clumsy. The quokka bites you.
* * * LOW HITPOINT WARNING * * *
The hobgoblin misses you.
You barely miss the quokka.
The quokka is severely wounded.
The quokka bites you.
You die...

#######..........#
.................# .###
#..........# .#
####..........# .#
#............####.# .#
#...#............... ##
#...#.#......####.##
####...#.#.†....####.#####
.......#.#......@r..P.....
.###...#.#.....##g..♣)..##
..............###.♣P_.P.#
..##.#†###.......P.Pw♣..#
...................♣♣.....
..################.P .#.##
.... #.. . . ...#. .. #.
...# #


You could see a dart slug, a quokka and a hobgoblin.

Vanquished Creatures
  2 dart slugs (D:1)
  2 ball pythons (D:1)
  2 endoplasms (D:1)
  2 hobgoblins (D:1)
  A frilled lizard (D:1)
  A kobold (D:1)
  2 rats (D:1)
12 creatures vanquished.

Notes
Turn   | Place    | Note
-------+----------+-------------------------------------------
     0 | D:1      | PimpSugar the Demonspawn Hedge Wizard began the quest for
                  | the Orb.
     0 | D:1      | Reached XP level 1. HP: 13/13 MP: 4/4
    51 | D:1      | Reached skill level 1 in Translocations
   138 | D:1      | Gained mutation: Your touch may inflict minor irresistible
                  | damage on your foes. [demonic ancestry]
   138 | D:1      | Reached XP level 2. HP: 19/19 MP: 3/6
   167 | D:1      | Found a faded altar of an unknown god.
   188 | D:1      | Slain by a quokka

Illustrated notes

Levels and vault maps discovered:
D:1:      dpeg_arrival_tiny_k, layout_basic, ebering_ecumenical_altar_petrified,
          minmay_misc_feat_roman, wander_ebering_terrifying_dragon_lair

Skill      XL: |  1  2 |
---------------+-------+-----
Translocations | 1 |  1.0
Stealth        | 2 |  2.0
Fighting       | |  0.3
Staves         | |  0.2
Dodging        | |  1.8
Spellcasting   | |  3.1
Conjurations   | |  1.4
Summonings     | |  1.1

Action                     || total
---------------------------++-------
  Melee: Staff             ||    27
         Touch             ||     3
   Cast: Magic Dart        ||    11
    Use: Potion            ||     1
 Armour: Robe              ||    19
  Dodge: Dodged            ||    21

Table legend: (Time is in decaauts)
 A = Elapsed time spent in this place.
 B = Non-inter-level travel time spent in this place.
 C = Inter-level travel time spent in this place.
 D = Time resting spent in this place.
 E = Time spent auto-exploring this place.
 F = Levels seen in this place.
 G = Mean time per level.
                   A        B        C        D        E       F      G
               +--------+--------+--------+--------+--------+-----+--------+
         Total |    192 |    192 |      0 |      0 |     57 |   1 |  192.0 |
       Dungeon |    192 |    192 |      0 |      0 |     57 |   1 |  192.0 |
               +--------+--------+--------+--------+--------+-----+--------+

Top non-repeatable levels by time:
     D:1: 192 daAuts
